 Dungeon Crawl Stone Soup version 0.27.1-2-g3b301248ec (webtiles) character file.

Game seed: 15070446125663466534

276 worthlessgem the Vexing (level 6, -22/47 HPs)
             Began as a Gnoll Arcane Marksman on Sept 30, 2021.
             Was an Initiate of Ru.
             Killed by an exploding quokka (34 damage)
             ... ignited by their inner flame
             ... on level 5 of the Dungeon.
             The game lasted 00:22:50 (5015 turns).

worthlessgem the Vexing (Gnoll Arcane Marksman)     Turns: 5015, Time: 00:22:50

Health: -22/47     AC:  3    Str: 10    XL:     6   Next: 25%
Magic:  6/11       EV: 13    Int: 14    God:    Ru [......]
Gold:   110        SH:  0    Dex: 12    Spells: 1/11 levels left

rFire    . . .     SeeInvis .   b - +2 dagger (elec)
rCold    . . .     Faith    .   (no shield)
rNeg     . . .     Spirit   .   e - +1 robe
rPois    .         Reflect  .   (no helmet)
rElec    .         Harm     .   (no cloak)
rCorr    .         Rampage  .   (no gloves)
Will     .....                  (no boots)
Stlth    ++........             (no amulet)
HPRegen  0.15/turn              (no ring)
MPRegen  0.12/turn              (no ring)

@: no status effects
A: fangs 1, strong nose, distributed training
a: Renounce Religion


You were on level 5 of the Dungeon.
You worshipped Ru.
Ru was noncommittal.
You visited 1 branch of the dungeon, and saw 5 of its levels.

You collected 110 gold pieces.

Inventory:

Hand Weapons
 a - a +0 hunting sling
 b - a +2 dagger of electrocution (weapon)
 k - a +0 trident
 w - a +4 hand axe
Missiles
 c - 2 throwing nets (quivered)
 d - 172 stones
 h - 4 javelins
 l - 12 sling bullets
Armour
 e - a +1 robe (worn)
 j - a +0 ring mail
Wands
 y - a wand of polymorph (4)
Scrolls
 i - a scroll of fear {unknown}
 x - a scroll of torment {unknown}
Potions
 f - 2 potions of brilliance
 g - 2 potions of lignification {unknown}
 m - 2 potions of haste {unknown}
 n - 2 potions of might {unknown}
 p - a potion of magic {unknown}
 q - a potion of heal wounds {unknown}


   Skills:
 + Level 3.2 Fighting
 + Level 1.9 Short Blades
 + Level 1.9 Long Blades
 + Level 1.9 Axes
 + Level 1.9 Maces & Flails
 + Level 1.9 Polearms
 + Level 1.9 Staves
 + Level 1.9 Slings
 + Level 1.9 Bows
 + Level 1.9 Crossbows
 + Level 4.9 Throwing
 + Level 1.9 Armour
 + Level 4.9 Dodging
 + Level 1.9 Stealth
 + Level 1.9 Shields
 + Level 1.9 Unarmed Combat
 + Level 3.4 Spellcasting
 + Level 1.5 Conjurations
 + Level 5.6 Hexes
 + Level 1.5 Summonings
 + Level 1.5 Necromancy
 + Level 1.5 Translocations
 + Level 1.5 Transmutations
 + Level 1.5 Fire Magic
 + Level 1.5 Ice Magic
 + Level 1.5 Air Magic
 + Level 1.5 Earth Magic
 + Level 1.5 Poison Magic
 + Level 2.1 Invocations
 + Level 1.9 Evocations


You had one spell level left.
You knew the following spells:

 Your Spells              Type           Power      Damage    Failure   Level
a - Corona                Hex            20%        N/A       1%          1
b - Slow                  Hex            18%        N/A       3%          2
c - Inner Flame           Hex/Fire       12%        N/A       14%         3
d - Cause Fear            Hex            9%         N/A       21%         4

Your spell library contained the following spells:

 Spells                   Type           Power      Damage    Failure   Level
 Portal Projectile        Hex/Tloc       24%        N/A       14%         3


Dungeon Overview and Level Annotations

Branches:
Dungeon (5/15)
 Temple: D:4-7

Altars:
Makhleb
Ru
Wu Jian
Yredelemnul

Annotations:
D:3 Natasha
D:4 1 runed translucent door, Icepheonix32's ghost, amateur DsSu


Innate Abilities, Weirdness & Mutations

You have very sharp teeth.
Your uncanny sense of smell can sniff out nearby items.
Your experience applies equally to all skills.


Message History

Press: ? - help, Shift-Dir - straight line, f - centaur
Aim: a centaur, wielding a +0 shortbow and quivering arrows (wandering, hasn't noticed you, chance to affect: 64%)
The centaur shouts!
The centaur struggles to resist.
The centaur shoots an arrow.
The arrow hits you.
The centaur shoots an arrow.
The arrow hits you!
The centaur shoots an arrow.
The arrow completely misses you.
The centaur unwields a +0 shortbow.
The centaur hits you. The centaur misses you. The centaur hits you.
The centaur kicks you but does no damage.
You barely miss the centaur. The centaur barely misses you.
The centaur closely misses you.
You closely miss the centaur.
The centaur hits you but does no damage.
The centaur kicks you but does no damage.
The quokka closely misses you.
Casting: Inner Flame (dangerous; 14% risk of failure)
Confirm with . or Enter, or press ? or * to list all spells.
Aiming: Inner Flame (dangerous; 14% risk of failure)
Press: ? - help, Shift-Dir - straight line, f - quokka, p - centaur
Aim: a quokka (chance to affect: 79%)
The quokka is filled with an inner flame.
The centaur hits you.
The centaur kicks you but does no damage.
The quokka closely misses you. The centaur barely misses you.
The centaur closely misses you. The centaur completely misses you.
The centaur barely misses you.
You closely miss the quokka. The centaur hits you. The centaur kicks you.
The quokka bites you. The centaur hits you.
* * * LOW HITPOINT WARNING * * *
The centaur kicks you but does no damage.
Unknown command.
You hit the quokka.
Flame seeps out of the quokka.
The quokka is severely wounded.
The quokka is engulfed in blazing flames.
The quokka explodes!
The fiery explosion engulfs the centaur!!
You kill the centaur!
The fiery explosion engulfs you!!
Ouch! That really hurt!
You die...

,,,,,,,,,,...Z......'5...,,,,,+,,
,,,,,,****,*,#....#**,,,,,,,,,***
,,,,,** #,*,##.#.# **,,,,,,,**
,,,*** #.#.####.# **,,,,,** ,,,*
#........######,,,** *,**
###.###.......#*+** *,*
#.....#####.#*,* *** *,* ####..#
*,**,****,** *,* #§@#
*,,,,,,,,*,* *,* ###§○#
*,*,,,***,** *,*
#..§§#****,,,,,,**,* *,*
#.#........*,,,***,** *,*
#.#.###.###**,***,,,* ,,*
#†#..,,,# *,* *,*,* *** #.####*,*
*,* *,,∩, #.#####.# *,* ***,*
#..<....#****,* *,,


There were no monsters in sight!

Vanquished Creatures
  A centaur (D:5)
  2 wyvern zombies
  A crimson imp (D:5)
  A hound skeleton (D:5)
  3 adders
  An adder skeleton (D:4)
  2 worms
  2 dart slugs (D:3)
  5 orcs (D:4)
  4 endoplasms
  3 giant cockroaches (D:1)
  6 hobgoblins
  2 jackals (D:1)
  4 kobolds
  5 quokkas
  7 ball pythons
  3 bats
  9 goblins
  3 rats
64 creatures vanquished.

Vanquished Creatures (others)
  4 plants (D:1)
  7 withered plants (D:1)
11 creatures vanquished.

Grand Total: 75 creatures vanquished

Notes
Turn   | Place    | Note
-------+----------+-------------------------------------------
     0 | D:1      | worthlessgem the Gnoll Arcane Marksman began the quest for
                  | the Orb.
     0 | D:1      | Reached XP level 1. HP: 17/17 MP: 4/4
   559 | D:1      | Reached XP level 2. HP: 23/23 MP: 5/5
   655 | D:1      | Found a faded altar of an unknown god.
  1755 | D:2      | Reached XP level 3. HP: 25/28 MP: 5/7
  1759 | D:2      | Learned a level 3 spell: Inner Flame
  1762 | D:2      | Learned a level 2 spell: Slow
  1915 | D:2      | Reached skill level 1 in Invocations
  1959 | D:2      | Reached skill level 1 in Short Blades
  1959 | D:2      | Reached skill level 1 in Long Blades
  1959 | D:2      | Reached skill level 1 in Axes
  1959 | D:2      | Reached skill level 1 in Maces & Flails
  1959 | D:2      | Reached skill level 1 in Polearms
  1959 | D:2      | Reached skill level 1 in Staves
  1959 | D:2      | Reached skill level 1 in Slings
  1959 | D:2      | Reached skill level 1 in Bows
  1959 | D:2      | Reached skill level 1 in Crossbows
  1959 | D:2      | Reached skill level 1 in Armour
  1959 | D:2      | Reached skill level 1 in Stealth
  1959 | D:2      | Reached skill level 1 in Shields
  1959 | D:2      | Reached skill level 1 in Unarmed Combat
  1959 | D:2      | Reached skill level 1 in Evocations
  2476 | D:3      | Reached XP level 4. HP: 34/34 MP: 6/8
  3474 | D:3      | Found a sacrificial altar of Ru.
  3574 | D:3      | Noticed Natasha
  3689 | D:3      | Reached skill level 1 in Conjurations
  3689 | D:3      | Reached skill level 1 in Summonings
  3689 | D:3      | Reached skill level 1 in Necromancy
  3689 | D:3      | Reached skill level 1 in Translocations
  3689 | D:3      | Reached skill level 1 in Transmutations
  3689 | D:3      | Reached skill level 1 in Fire Magic
  3689 | D:3      | Reached skill level 1 in Ice Magic
  3689 | D:3      | Reached skill level 1 in Air Magic
  3689 | D:3      | Reached skill level 1 in Earth Magic
  3689 | D:3      | Reached skill level 1 in Poison Magic
  3689 | D:3      | Reached XP level 5. HP: 40/40 MP: 3/9
  4112 | D:4      | Found a runed translucent door.
  4112 | D:4      | Noticed Icepheonix32's ghost (amateur DsSu)
  4298 | D:4      | Found an ornate altar of the Wu Jian Council.
  4669 | D:4      | Found a basalt altar of Yredelemnul.
  4716 | D:5      | Entered Level 5 of the Dungeon
  4718 | D:5      | Noticed a centaur
  4790 | D:5      | Found a burning altar of Makhleb.
  4846 | D:3      | Became a worshipper of Ru the Awakened
  4913 | D:5      | Reached XP level 6. HP: 47/47 MP: 8/10
  4915 | D:5      | Learned a level 1 spell: Corona
  4920 | D:5      | Learned a level 4 spell: Cause Fear
  5015 | D:5      | Killed by an exploding quokka... ignited by their inner
                  | flame

Illustrated notes

Levels and vault maps discovered:
D:1:      minmay_arrival_shattered_statue, layout_basic, serial_aquarium,
          aquarium_bridge_square [aquarium_subvault_bridge,
          aquarium_subvault_bridge, aquarium_subvault_wall,
          aquarium_subvault_window], aquarium_bridge_square
          [aquarium_subvault_wall, aquarium_subvault_wall,
          aquarium_subvault_bridge, aquarium_subvault_window],
          aquarium_window_fake, aquarium_window_1, aquarium_view_2g,
          aquarium_balcony_1b, shapermc_ecumenical_altar_flowoftime,
          chequers_serial_rivers_small_3, ebering_dispersal_statue_hall,
          serial_bayou_pond_d, nrook_mini_vaults
D:2:      layout_basic
D:3:      layout_basic, nicolae_ru_awakened_eye, uniq_natasha
D:4:      layout_loops_cross, kennysheep_mini, nicolae_wu_jian_wuxing_cycle,
          serial_glass, glass_columns_a, glass_columns_b, glass_columns_b,
          glass_columns_c, hellmonk_ghost_happy_afterlife
D:5:      layout_loops_corners, makhleb_heckhound_becter, serial_shops,
          nicolae_shop_crystal, grunt_decor_arrowhead

Skill      XL: |  1  2  3  4  5 |
---------------+----------------+-----
Invocations    | 1 2 |  2.1
Short Blades   | 1 |  1.9
Long Blades    | 1 |  1.9
Axes           | 1 |  1.9
Maces & Flails | 1 |  1.9
Polearms       | 1 |  1.9
Staves         | 1 |  1.9
Slings         | 1 |  1.9
Bows           | 1 |  1.9
Crossbows      | 1 |  1.9
Armour         | 1 |  1.9
Stealth        | 1 |  1.9
Shields        | 1 |  1.9
Unarmed Combat | 1 |  1.9
Evocations     | 1 |  1.9
Spellcasting   | 3 |  3.4
Conjurations   | 1 |  1.5
Summonings     | 1 |  1.5
Necromancy     | 1 |  1.5
Translocations | 1 |  1.5
Transmutations | 1 |  1.5
Fire Magic     | 1 |  1.5
Ice Magic      | 1 |  1.5
Air Magic      | 1 |  1.5
Earth Magic    | 1 |  1.5
Poison Magic   | 1 |  1.5
Fighting       | 3 |  3.2
Throwing       | |  4.9
Dodging        | |  4.9
Hexes          | |  5.6

Action                   |  1- 3 |  4- 6 || total
-------------------------+-------+-------++-------
Melee: Unarmed           |    14 |       ||    14
       Whip              |    20 |       ||    20
       Dagger            |    25 |    62 ||    87
       Bite              |     2 |     5 ||     7
       Punch             |       |     1 ||     1
 Fire: Hunting sling     |    99 |    53 ||   152
Throw: Javelin           |     1 |       ||     1
 Cast: Corona            |    14 |    21 ||    35
       Slow              |     1 |     8 ||     9
       Inner Flame       |       |     4 ||     4
Evoke: Wand              |       |     1 ||     1
  Use: Scroll            |       |     7 ||     7
 Stab: Sleeping          |     1 |     2 ||     3
Armor: Robe              |    21 |    13 ||    34
Dodge: Dodged            |    74 |    46 ||   120
